 Dungeon Crawl Stone Soup version 0.29.0-15-g675c0067aa (webtiles) character file.

Game seed: 7035700031553931495

2116 qw the Cleaver (level 9, -4/75 HPs)
             Began as a Minotaur Berserker on Sept 12, 2022.
             Was a Priest of Trog.
             Slain by an iguana (8 damage)
             ... on level 6 of the Dungeon.
             The game lasted 00:02:12 (6690 turns).

qw the Cleaver (Minotaur Berserker)                 Turns: 6690, Time: 00:02:12

Health: -4/75      AC: 14    Str: 31    XL:     9   Next: 8%
Magic:  8/8        EV:  9    Int:  8    God:    Trog [***...]
Gold:   279        SH:  0    Dex: 11    Spells: 8/8 levels left

rFire   . . .      SeeInvis .   Y - +1 war axe
rCold   . . .      Faith    .   (no shield)
rNeg    + . .      Spirit   .   l - +1 chain mail of Weirdness {rElec rN+}
rPois   .          Reflect  .   (helmet restricted)
rElec   +          Harm     .   f - +0 cloak
rCorr   .          Rampage  .   a - +1 pair of gloves "Mieczul" {Regen+ Int+4 Stlth+}
Will    .....                   (no boots)
Stlth   ..........              (no amulet)
HPRegen 1.02/turn               m - +6 ring of strength
MPRegen 0.11/turn               (no ring)

@: confused, on berserk cooldown, slowed, very slow
A: horns 2, retaliatory headbutt
a: Renounce Religion, Berserk, Trog's Hand


You were on level 6 of the Dungeon.
You worshipped Trog.
Trog was most pleased with you.
You visited 1 branch of the dungeon, and saw 6 of its levels.
You also visited: Sewer.

You collected 279 gold pieces.


Innate Abilities, Weirdness & Mutations

You have a pair of horns on your head.
You reflexively headbutt those who attack you in melee.


   Skills:
 + Level 6.2 Fighting
 - Level 13.1 Axes
 - Level 4.6 Armour
 - Level 2.1 Dodging


You had 8 spell levels left.
You didn't know any spells.
Your spell library was empty.

Inventory:

Hand Weapons
 n - a +0 flail
 Y - a +1 war axe (weapon)
Armour
 a - the +1 pair of gloves "Mieczul" (worn) {Regen+ Int+4 Stlth+}
   (You acquired it on level 1 of the Dungeon)

   Int:       It affects your intelligence (+4).
   Regen:     It increases your rate of health regeneration.
   Stlth:     It makes you more stealthy.
 f - a +0 cloak (worn)
 l - the +1 chain mail of Weirdness (worn) {rElec rN+}
   (You found it on level 2 of the Dungeon)

   rElec:     It insulates you from electricity.
   rN:        It protects you from negative energy.
Jewellery
 m - a +6 ring of strength (left hand)
Scrolls
 d - a scroll of identify
 j - a scroll of teleportation
Potions
 c - a potion of resistance
 e - 2 potions of heal wounds
 g - a potion of magic {unknown}
 h - a potion of haste {unknown}
 i - a potion of experience {unknown}
 k - 2 potions of attraction {unknown}

Dungeon Overview and Level Annotations

Branches:
Dungeon (6/15)             Temple (0/1) D:5           Sewer (visited)

Altars:
Nemelex Xobeh
Okawaru
Ru
Trog
Yredelemnul

Shops:
D:3 :

Annotations:
D:4 1 runed translucent door, Crazy Yiuf


Message History

Your Axes skill gained 2 levels and is now at level 13!
You have reached level 9!
Your experience leads to an increase in your attributes!
Your base attributes are Str 23, Int 4, Dex 11.
Increase (S)trength, (I)ntelligence, or (D)exterity?
You feel stronger. x2
You start resting.
A vampire comes into view.
Found 11 gold pieces.
You feel a strong urge to attack something.
An iguana comes into view.
You feel your anger nearly subside.
You are no longer berserk.
You are exhausted.
You feel yourself slow down. The vampire barely misses you.
You furiously retaliate!
You headbutt the vampire. The vampire barely misses you.
You barely miss the vampire.
You headbutt the vampire, but do no damage.
The vampire is lightly damaged.
The vampire points at you and mumbles some strange words.
You are confused.
You closely miss the vampire.
The vampire is lightly damaged.
You barely miss the iguana. The vampire hits you!
The vampire bites you but does no damage.
The iguana closely misses you. The vampire attacks as you move away!
The vampire hits you but does no damage.
The vampire bites you. The iguana completely misses you. The vampire hits you.
The vampire bites you.
A sky beast comes into view.
The iguana barely misses you.
You hit the vampire.
The vampire is moderately damaged.
You hit the iguana but do no damage. The vampire hits you!
The vampire bites you!
The vampire draws strength from your injuries!
The iguana bites you!
You die...

...###.#.#
....#....#
.....##.##
###...#.##
.........#
.#.....%.#
#.###...#
#.......#
../..#l@!.#
$### #.V..#
#....#
......#
#.###...# #
Y..## ...#
...# #...#


You could see a vampire, a sky beast and an iguana.

Vanquished Creatures
  A boulder beetle (D:6)
  Sigmund (D:4)
  Menkaure (D:4)
  A black bear (D:4)
  7 kobold brigands
  2 necrophages
  A jelly (D:4)
  2 hounds
  2 orc priests (D:5)
  3 iguanas
  A scorpion zombie (D:3)
  A howler monkey zombie (D:3)
  Robin (D:2)
  3 gnolls (D:2)
  9 adders
  3 river rats
  5 worms
  An adder skeleton (D:3)
  3 dart slugs
  12 orcs
  A bat (D:1)
  10 endoplasms
  2 giant cockroaches
  15 goblins
  8 hobgoblins
  A quokka (D:4)
  8 ball pythons
  A ball python skeleton (D:3)
  4 frilled lizards
  A jackal skeleton (D:3)
  2 jackal zombies (D:3)
  10 kobolds
  A quokka skeleton (D:3)
  8 rats
132 creatures vanquished.

Vanquished Creatures (others)
  2 plants (D:1)
  2 withered plants (D:3)
4 creatures vanquished.

Grand Total: 136 creatures vanquished

Notes
Turn   | Place    | Note
-------+----------+-------------------------------------------
     0 | D:1      | qw the Minotaur Berserker began the quest for the Orb.
     0 | D:1      | Reached XP level 1. HP: 19/19 MP: 0/0
     0 | D:1      | 0 ||| qw: Version: 0.1-a-119-g272c26d
     0 | D:1      | 0 ||| qw: Game counter: 10743
     0 | D:1      | 0 ||| qw: Always use a shield: true
     0 | D:1      | 0 ||| qw: Do Orc after D:15 true
     0 | D:1      | 0 ||| qw: Do second Lair branch before Depths: true
     0 | D:1      | 0 ||| qw: Lair rune preference: random
     0 | D:1      | 0 ||| qw: Plans: Normal
     0 | D:1      | 0 ||| PLANNING D:1-11
   155 | D:1      | Reached skill level 4 in Axes
   295 | D:1      | Reached XP level 2. HP: 21/26 MP: 1/1
   761 | D:1      | Found a faded altar of an unknown god.
  1355 | D:1      | 1355 ||| UPGRADING to +0 leather armour.
  1365 | D:1      | 1365 ||| DROPPING +0 animal skin.
  1366 | D:1      | 1366 ||| READING scroll labelled LUSUL XUYVUNA.
  1370 | D:1      | 1370 ||| READING 2 scrolls labelled NENWUO HUESOSEA.
  1371 | D:1      | 1371 ||| READING scroll labelled WYFICH NUIZE.
  1371 | D:1      | Identified a scroll of acquirement
  1371 | D:1      | 1371 ||| ACQUIRING +1 pair of gloves "Mieczul" {Regen+
                  | Int+4 Stlth+}
  1371 | D:1      | Acquired the +1 pair of gloves "Mieczul" {Regen+ Int+4
                  | Stlth+}
  1373 | D:1      | 1373 ||| UPGRADING to +1 pair of gloves "Mieczul" {Regen+
                  | Int+4 Stlth+}.
  1378 | D:1      | 1378 ||| DRINKING 2 viscous silvery potions.
  1410 | D:1      | 1410 ||| DROPPING potion of lignification.
  1449 | D:2      | Reached skill level 5 in Axes
  1449 | D:2      | Reached XP level 3. HP: 31/31 MP: 2/2
  1671 | D:2      | 1671 ||| INVOKING Berserk.
  1932 | D:2      | 1932 ||| Stepping ~*~*~tactically~*~*~ (stealth).
  1936 | D:2      | Noticed Robin
  1937 | D:2      | 1937 ||| Stepping ~*~*~tactically~*~*~ (stealth).
  1948 | D:2      | Identified the +1 chain mail of Weirdness {rElec rN+}
  1949 | D:2      | 1949 ||| Stepping ~*~*~tactically~*~*~ (stealth).
  1950 | D:2      | 1950 ||| Stepping ~*~*~tactically~*~*~ (stealth).
  1952 | D:2      | 1952 ||| Stepping ~*~*~tactically~*~*~ (stealth).
  1957 | D:2      | 1957 ||| Stepping ~*~*~tactically~*~*~ (stealth).
  1966 | D:2      | 1966 ||| Stepping ~*~*~tactically~*~*~ (stealth).
  1969 | D:2      | 1969 ||| Stepping ~*~*~tactically~*~*~ (stealth).
  1970 | D:2      | 1970 ||| Stepping ~*~*~tactically~*~*~ (stealth).
  1973 | D:2      | 1973 ||| Stepping ~*~*~tactically~*~*~ (stealth).
  1998 | D:2      | 1998 ||| Stepping ~*~*~tactically~*~*~ (stealth).
  2000 | D:2      | 2000 ||| Stepping ~*~*~tactically~*~*~ (stealth).
  2005 | D:2      | 2005 ||| Stepping ~*~*~tactically~*~*~ (stealth).
  2016 | D:2      | Reached ** piety under Trog
  2019 | D:2      | 2019 ||| Stepping ~*~*~tactically~*~*~ (hiding).
  2026 | D:2      | 2026 ||| INVOKING Berserk.
  2027 | D:2      | Killed Robin
  2484 | D:2      | 2484 ||| UPGRADING to +0 cloak.
  2489 | D:2      | 2489 ||| UPGRADING to +1 chain mail of Weirdness {rElec
                  | rN+}.
  2499 | D:2      | 2499 ||| DROPPING +0 leather armour.
  2500 | D:2      | 2500 ||| READING scroll labelled BAEGITHRUSM.
  2501 | D:2      | 2501 ||| READING scroll labelled HEHEENEMIL.
  2502 | D:2      | 2502 ||| READING 2 scrolls of identify.
  2502 | D:2      | 2502 ||| IDENTIFYING ruby potion
  2503 | D:2      | 2503 ||| DROPPING potion of degeneration.
  2549 | D:3      | 2549 ||| INVOKING Berserk.
  2550 | D:3      | 2550 ||| STAIRDANCE
  2552 | D:2      | 2552 ||| INVOKING Berserk.
  2555 | D:2      | Reached skill level 6 in Axes
  2555 | D:2      | Reached XP level 4. HP: 39/39 MP: 3/3
  2661 | D:2      | 2661 ||| DROPPING +0 club.
  2665 | D:3      | 2665 ||| STAIRDANCE
  2667 | D:2      | 2667 ||| INVOKING Berserk.
  2848 | D:3      | 2848 ||| Stepping ~*~*~tactically~*~*~ (stealth).
  2865 | D:3      | Found a bloodstained altar of Trog.
  2986 | D:3      | Found Daliqoch's Book Shop.
  3083 | D:3      | Reached skill level 7 in Axes
  3083 | D:3      | Reached XP level 5. HP: 45/45 MP: 4/4
  3220 | D:3      | Found a sparkling altar of Nemelex Xobeh.
  3233 | D:3      | 3233 ||| Stepping ~*~*~tactically~*~*~ (stealth).
  3241 | D:3      | 3241 ||| Stepping ~*~*~tactically~*~*~ (stealth).
  3242 | D:3      | 3242 ||| Stepping ~*~*~tactically~*~*~ (stealth).
  3253 | D:3      | 3253 ||| Stepping ~*~*~tactically~*~*~ (stealth).
  3276 | D:3      | Identified the +4 short sword of Huenkavyeb {flame, rElec
                  | rCorr Dex-2 SInv}
  3476 | D:3      | 3476 ||| READING scroll labelled LINOMON MIDO.
  3477 | D:3      | 3477 ||| READING scroll labelled WIT ZUILASAOZ.
  3478 | D:3      | 3478 ||| READING 3 scrolls of identify.
  3478 | D:3      | 3478 ||| IDENTIFYING orange potion
  3479 | D:3      | 3479 ||| READING 2 scrolls of identify.
  3479 | D:3      | 3479 ||| IDENTIFYING fizzy coppery potion
  3480 | D:3      | 3480 ||| DROPPING potion of brilliance.
  3481 | D:3      | 3481 ||| Stepping randomly (stuck).
  3482 | D:3      | 3482 ||| Stepping ~*~*~tactically~*~*~ (cloud).
  3548 | D:4      | Noticed a black bear
  3553 | D:4      | 3553 ||| INVOKING Berserk.
  3556 | D:4      | Killed a black bear
  3557 | D:4      | Reached skill level 8 in Axes
  3557 | D:4      | Reached XP level 6. HP: 52/52 MP: 5/5
  3690 | D:4      | Noticed Sigmund
  3691 | D:4      | 3691 ||| INVOKING Berserk.
  3731 | D:4      | Killed Sigmund
  3832 | D:4      | Noticed Menkaure
  3836 | D:4      | 3836 ||| INVOKING Berserk.
  3840 | D:4      | Killed Menkaure
  3841 | D:4      | Reached skill level 9 in Axes
  3841 | D:4      | Reached XP level 7. HP: 55/59 MP: 6/6
  3850 | D:4      | 3850 ||| Stepping ~*~*~tactically~*~*~ (stealth).
  4046 | D:4      | 4046 ||| Stepping ~*~*~tactically~*~*~ (stealth).
  4054 | D:4      | Found a basalt altar of Yredelemnul.
  4054 | D:4      | Found a sacrificial altar of Ru.
  4140 | D:4      | 4140 ||| SWAPPING to +0 war axe.
  4145 | D:4      | 4145 ||| INVOKING Berserk.
  4252 | D:4      | 4252 ||| DROPPING +0 hand axe.
  4586 | D:4      | Found a runed translucent door.
  4587 | D:4      | Noticed Crazy Yiuf
  4736 | D:4      | 4736 ||| READING scroll labelled MYUQ NALIUHO.
  4875 | D:5      | Entered Level 5 of the Dungeon
  4876 | D:5      | 4876 ||| PLANNING SEWER
  4993 | D:5      | 4993 ||| Stepping ~*~*~tactically~*~*~ (stealth).
  4996 | D:5      | 4996 ||| Stepping ~*~*~tactically~*~*~ (stealth).
  5020 | D:5      | Found a glowing drain.
  5029 | D:5      | 5029 ||| READING 2 scrolls labelled HONKOS MAEMIH.
  5030 | D:5      | 5030 ||| DROPPING scroll of butterflies.
  5036 | Sewer    | Entered a sewer
  5059 | Sewer    | 5059 ||| Stepping ~*~*~tactically~*~*~ (water).
  5219 | Sewer    | Reached skill level 10 in Axes
  5245 | Sewer    | Reached *** piety under Trog
  5358 | Sewer    | Reached XP level 8. HP: 70/70 MP: 7/7
  5379 | Sewer    | Reached skill level 6 in Fighting
  5499 | Sewer    | 5499 ||| Stepping ~*~*~tactically~*~*~ (water).
  5598 | Sewer    | 5598 ||| DRINKING 2 metallic cyan potions.
  5620 | D:5      | 5620 ||| PLANNING D:1-11
  5705 | D:5      | 5705 ||| Stepping ~*~*~tactically~*~*~ (hiding).
  5708 | D:5      | 5708 ||| INVOKING Berserk.
  5844 | D:5      | Found a staircase to the Ecumenical Temple.
  5869 | D:5      | Reached skill level 11 in Axes
  5896 | D:5      | 5896 ||| Stepping ~*~*~tactically~*~*~ (stealth).
  5902 | D:5      | 5902 ||| FLEEEEING.
  5903 | D:5      | 5903 ||| FLEEEEING.
  5904 | D:5      | 5904 ||| STAIRDANCE
  5966 | D:4      | 5966 ||| READING scroll labelled PITWA TAH ITS.
  6211 | D:5      | Found an iron altar of Okawaru.
  6316 | D:5      | 6316 ||| DROPPING +0 whip.
  6320 | D:5      | 6320 ||| Stepping ~*~*~tactically~*~*~ (stealth).
  6322 | D:5      | 6322 ||| INVOKING Berserk.
  6600 | D:5      | 6600 ||| UPGRADING to +6 ring of strength.
  6601 | D:5      | 6601 ||| READING scroll labelled QAUWUWK HEMUSO.
  6666 | D:6      | Noticed a boulder beetle
  6674 | D:6      | 6674 ||| INVOKING Berserk.
  6682 | D:6      | Killed a boulder beetle
  6683 | D:6      | Reached skill level 13 in Axes
  6683 | D:6      | Reached XP level 9. HP: 50/75 MP: 8/8
  6690 | D:6      | HP: 13/75 [vampire (8)]
  6690 | D:6      | HP: 4/75 [vampire (9)]
  6690 | D:6      | Slain by an iguana

Levels and vault maps discovered:
D:1:      mrwooster_arrival_arrow, layout_basic,
          chequers_ecumenical_altar_simple_redux, serial_bayou,
          serial_bayou_ford_a, serial_bayou_pond_e, serial_bayou_shore_a,
          serial_bayou_lagoon_b, serial_bayou_crossing, serial_bayou_lake_a
D:2:      layout_rooms, serial_co_window_serial, co_window_paths_a,
          co_window_paths_a, co_window_of_opportunity_a, co_window_paths_a,
          co_window_of_opportunity_a, co_window_unsneaky_path_c,
          co_window_2corner, co_window_2corner, co_window_paths_d,
          glass_columns_b, chequers_serial_rivers_large_a, uniq_robin
D:3:      layout_loops_ring, nemelex_xobeh_ov_fountains_minmay,
          amcnicky_altar_gilded, serial_undead, serial_undead_f,
          serial_undead_a, serial_undead_d, serial_undead_c, serial_shops,
          nicolae_square_shop, kennysheep_generic_room_16
D:4:      layout_basic, gammafunk_temple_overflow_elements, minivault_24,
          nicolae_elevator_lobby_plus, uniq_crazy_yiuf_cottage, uniq_menkaure,
          uniq_sigmund
D:5:      layout_cave_pods, lemuel_doored_altar, minmay_temple_entry_slanted,
          portal_sewer_entry_c, minmay_misc_feat_encased
D:6:      hangedman_cross_stitches, layout_basic, uniq_prince_ribbit1,
          uniq_maggie

Skill      XL: |  1  2  3  4  5  6  7  8 |
---------------+-------------------------+-----
Axes           | 4 5 6 7 8 9 10 13 | 13.1
Fighting       | 4 5 6 |  6.2
Armour         | 4 |  4.6
Dodging        | |  2.1

Action                   |  1- 3 |  4- 6 |  7- 9 || total
-------------------------+-------+-------+-------++-------
Melee: Hand axe          |    86 |    85 |    10 ||   181
       Headbutt          |     7 |    13 |    30 ||    50
       Punch             |     1 |     2 |     5 ||     8
       War axe           |       |       |   183 ||   183
Invok: Berserk           |     3 |     4 |     4 ||    11
  Use: Scroll            |     6 |     4 |     4 ||    14
       Potion            |     1 |       |     1 ||     2
 Stab: Sleeping          |     1 |       |       ||     1
Armor: Animal skin       |     3 |       |       ||     3
       Leather armour    |     9 |       |       ||     9
       Chain mail        |     3 |    44 |    79 ||   126
Dodge: Dodged            |    33 |    21 |    68 ||   122

Table legend:
 A = Non-vault XP
 B = Vault XP
 C = Vault XP percentage of total XP
 D = Non-vault monster count
 E = Vault monster count
 F = Vault count percentage of total count
                 A         B        C        D         E       F
            +---------+---------+-------+---------+---------+-------
      Total |     837 |    2186 |  72.3 |      69 |      63 |  47.7
            +---------+---------+-------+---------+---------+-------
        D:1 |      25 |       0 |   0.0 |      15 |       0 |   0.0
        D:2 |      72 |      37 |  33.9 |      10 |      12 |  54.5
        D:3 |      41 |     158 |  79.4 |      12 |      12 |  50.0
        D:4 |     292 |     392 |  57.3 |      13 |       2 |  13.3
        D:5 |     407 |      34 |   7.7 |      19 |       7 |  26.9
        D:6 |       0 |     863 | 100.0 |       0 |       2 | 100.0
      Sewer |       0 |     702 | 100.0 |       0 |      28 | 100.0
            +---------+---------+-------+---------+---------+-------
